 Dungeon Crawl Stone Soup version 0.30-a0-553-g7fabdf1491 (webtiles) character file.

Game seed: 17752715953619291644

6 elagabalus the Chiller (level 1, 13/13 HPs)
             Began as a Merfolk Ice Elementalist on Dec 26, 2022.
             Quit the game on level 1 of the Dungeon.
             The game lasted 00:04:17 (248 turns).

elagabalus the Chiller (Merfolk Ice Elementalist)    Turns: 248, Time: 00:04:18

Health: 13/13      AC:  2    Str:  8    XL:     1   Next: 90%
Magic:  3/3        EV: 12    Int: 14    God:
Gold:   5          SH:  0    Dex: 14    Spells: 3/4 levels left

rFire   . . .      SeeInvis .    g - +0 dagger
rCold   . . .      Faith    .    (no shield)
rNeg    . . .      Spirit   .    a - +0 robe
rPois   .          Reflect  .    (no helmet)
rElec   .          Harm     .    (no cloak)
rCorr   .          Rampage  .    (no gloves)
Will    .....                    (no boots)
Stlth   ++                       (no amulet)
HPRegen 0.22/turn                (no ring)
MPRegen 0.08/turn                (no ring)

@: no status effects
A: (nimble swimmer 2), mertail
a: no special abilities


You were on level 1 of the Dungeon.
You visited 1 branch of the dungeon, and saw 1 of its levels.

You collected 5 gold pieces.

Inventory:

Hand Weapons
 g - a +0 dagger (weapon)
Missiles
 c - a throwing net
 f - 2 boomerangs
Armour
 a - a +0 robe (worn)
Scrolls
 d - 2 scrolls of identify {unknown}
Potions
 b - a potion of magic
 e - a potion of might {unknown}


   Skills:
 + Level 2.8 Dodging
 + Level 2.5 Stealth
 + Level 2.0 Spellcasting
 + Level 4.5 Ice Magic


You had 3 spell levels left.
You knew the following spells:

 Your Spells              Type           Power      Damage    Failure   Level
a - Freeze                Ice            56%        1d7       3%          1

Your spell library contained the following spells:

 Spells                   Type           Power      Damage    Failure   Level
 Frozen Ramparts          Ice            28%        1d5       11%         3
 Ozocubu's Armour         Ice            14%        N/A       11%         3
 Slow                     Hex            4%         N/A       24%         1
 Summon Ice Beast         Ice/Summ       7%         N/A       67%         4


Dungeon Overview and Level Annotations

Branches:
Dungeon (1/15)

Altars:


Innate Abilities, Weirdness & Mutations

((You are very nimble when in or above water. (Stealth+, EV+, Speed+++)))
Your lower body shifts to a powerful aquatic tail in water.


Message History

You kill the endoplasm!
Found 5 gold pieces.
You now have 5 gold pieces.
Found a ring mail.
A goblin comes into view. It is wielding a +0 dagger.
The goblin shouts!
You freeze the goblin.
The goblin is moderately wounded.
The goblin barely misses you.
You freeze the goblin.
You kill the goblin!
You see here a +0 dagger.
g - a +0 dagger
g - a +0 dagger (weapon)
Found a hand axe and Plato's Grimoire of Glamour.
Found a faded altar of an unknown god.
Aiming: Freeze (safe; 3% risk of failure)
Press: ? - help, Q - select action, (/) - cycle Shift-Dir - straight line, f - you
Okay, then.
Unknown command.
You can't see any susceptible monsters within range! (Use Z to cast anyway.)
You pick up Plato's Grimoire of Glamour and begin reading...
You add the spell Slow to your library.
There is a faded altar of an unknown god here.
Okay, then.
Sorry, I don't know how to traverse that place.
A kobold comes into view. It is wielding a +0 whip.
Found a scroll labelled CEOKUZEYVO.
The kobold shouts!
Aiming: Freeze (safe; 3% risk of failure)
Press: ? - help, Q - select action, (/) - cycle Shift-Dir - straight line, f - kobold
Aim: a kobold, wielding a +0 whip You freeze the kobold.
You kill the kobold!
d - 2 scrolls labelled CEOKUZEYVO (gained 1)
Okay, then.
Save game and exit?
Okay, then.
Unknown command.
Are you sure you want to abandon this character and quit the game? (Confirm with "yes".)

....## #.# ##### #.#
.# ##.## .# ##...## .#
#.....######.##
#######............
...............#.###.#
######...............#
#.#........#@#####
##.#..#...##.#
##...######.# ##
##.........# .#
#.######### .# #.#
.### #.# ...#####.#
......##.##


There were no monsters in sight!

Vanquished Creatures
  A dart slug (D:1)
  An endoplasm (D:1)
  A goblin (D:1)
  A kobold (D:1)
  A rat (D:1)
5 creatures vanquished.

Notes
Turn   | Place    | Note
-------+----------+-------------------------------------------
     0 | D:1      | elagabalus the Merfolk Ice Elementalist began the quest for
                  | the Orb.
     0 | D:1      | Reached XP level 1. HP: 13/13 MP: 3/3
   165 | D:1      | Found a faded altar of an unknown god.
   173 | D:1      | Got Plato's Grimoire of Glamour
   248 | D:1      | Quit the game

Illustrated notes

Levels and vault maps discovered:
D:1:      dpeg_arrival_shrine, layout_loops_corners,
          shapermc_ecumenical_altar_rom_forum, serial_shops, shop,
          roderic_lattice_a

Action                   || total
-------------------------++-------
Melee: Unarmed           ||     8
 Cast: Freeze            ||     7
Armor: Robe              ||     1
Dodge: Dodged            ||     6

Table legend: (Time is in decaauts)
 A = Elapsed time spent in this place.
 B = Non-inter-level travel time spent in this place.
 C = Inter-level travel time spent in this place.
 D = Time resting spent in this place.
 E = Time spent auto-exploring this place.
 F = Levels seen in this place.
 G = Mean time per level.
                   A        B        C        D        E       F      G
               +--------+--------+--------+--------+--------+-----+--------+
         Total |    245 |     38 |    207 |      0 |      0 |   1 |  245.0 |
       Dungeon |    245 |     38 |    207 |      0 |      0 |   1 |  245.0 |
               +--------+--------+--------+--------+--------+-----+--------+

Top non-repeatable levels by time:
     D:1: 245 daAuts
